 Dungeon Crawl Stone Soup version 0.30.1-11-g7821555f0a (webtiles) character file.

Game seed: 18039745421389546149

81 FakeRyeBread the Magician (level 4, 0/34 HPs)
             Began as a Djinni Conjurer on Nov 19, 2023.
             Slain by an ogre
             ... wielding a +0 giant spiked club
              (24 damage)
             ... on level 4 of the Dungeon.
             The game lasted 00:07:50 (2508 turns).

FakeRyeBread the Magician (Djinni Conjurer)         Turns: 2508, Time: 00:07:50

Health: 0/34       AC:  5    Str: 12    XL:     4   Next: 67%
Gold:   229        EV: 12    Int: 22    God:
                   SH:  5    Dex: 11

rFire   + + .        b - +0 short sword
rCold   x . .        (no shield)
rNeg    . . .        a - +0 robe
rPois   ∞            (no helmet)
rElec   .            g - +2 cloak
rCorr   .            (no gloves)
SInv    .            (boots unavailable)
Will    .....        j - amulet of reflection
Stlth   ++           i - +6 ring of strength
HPRegen 0.25/turn    (no ring)
MPRegen 0.00/turn

%: reflection, infuse magic (-1 HP)
@: weak-willed, flying, very slightly contaminated
A: sickness immunity, fire resistance 2, cold vulnerability 1, float, innate
caster, HP casting, extra vitality 1
a: no special abilities


You were on level 4 of the Dungeon.
You visited 1 branch of the dungeon, and saw 4 of its levels.

You collected 229 gold pieces.

Inventory:

Hand Weapons
 b - a +0 short sword (weapon)
Armour
 a - a +0 robe (worn)
 g - a +2 cloak (worn)
Jewellery
 i - a +6 ring of strength (left hand)
 j - an amulet of reflection (around neck)
Potions
 c - a potion of cancellation
 d - a potion of brilliance
 e - a potion of mutation
 f - a potion of curing {unknown}
 h - 3 potions of magic {unknown}
 n - a potion of berserk rage {unknown}


   Skills:
 + Level 2.6 Fighting
 - Level 2.1 Dodging
 - Level 1.5 Stealth
 + Level 3.9 Spellcasting


You knew the following spells:

 Your Spells              Type           Power      Damage    Failure   Level
a - Magic Dart            Conj           84%        1d7       2%          1
b - Searing Ray           Conj           42%        2d6       3%          2
c - Dazzling Flash        Conj/Hex       42%        N/A       7%          3
d - Fulminant Prism       Conj/Hex       10%        3d9       22%         4
e - Iskenderun's Mystic   Conj/Tloc      21%        2d6       22%         4
f - Freeze                Ice            84%        1d9       2%          1
Your spell library was empty.

Dungeon Overview and Level Annotations

Branches:
Dungeon (4/15)
 Temple: D:4-7

Altars:


Innate Abilities, Weirdness & Mutations

You are immune to sickness and miasma.
You are immune to poison.
Your flesh is very heat resistant. (rF++)
You are vulnerable to cold. (rC-)
You float through the air rather than walking.
You learn spells naturally, not from books.
Your magical power is your life essence.
You have superior vitality. (+4 MHP)


Message History

Okay, then.
You drop a scroll of amnesia.
There is an open door here.
There is a stone staircase leading down here.
You fly downwards.
There is a stone staircase leading up here.
An ogre comes into view. It is wielding a +0 giant spiked club.
The ogre shouts!
Casting: Searing Ray (safe; 3% risk of failure)
Confirm with . or Enter, or press ? or * to list all spells.
Casting: Dazzling Flash (dangerous; 7% risk of failure)
Press: ? - help, Dir - look around, f - activate Look: an ogre, wielding a +0 giant spiked club (chance to dazzle: 58%)
You miscast Dazzling Flash.
You are very lightly contaminated with residual magic.
Nothing appears to happen.
The ogre barely misses you.
There's nothing to close nearby.
Casting: Dazzling Flash (dangerous; 7% risk of failure)
Confirm with . or Enter, or press ? or * to list all spells.
Casting: Dazzling Flash (dangerous; 7% risk of failure)
Press: ? - help, Dir - look around, f - activate
Aiming: Searing Ray (safe; 3% risk of failure)
Press: ? - help, Q - select action, (/) - cycle Shift-Dir - straight line, f - ogre
Aim: an ogre, wielding a +0 giant spiked club (89% to hit)
The searing ray hits the ogre!
The ogre is moderately wounded. (Press . to maintain the ray.)
The ogre barely misses you.
The searing ray hits the ogre.
The ogre is heavily wounded.
You block the ogre's attack.
The searing ray hits the ogre.
The ogre is severely wounded.
The searing ray hits the ogre.
The ogre is almost dead.
You finish channelling your searing ray.
The ogre misses you.
The ogre hits you with a +0 giant spiked club!!
Ouch! That really hurt!
You die...

# .#
#####.#
.....#
##O...#
#<@...#
#.......#
###.....#
#....##
...###
....#
....#
.....#


You could see an ogre.

Vanquished Creatures
  3 adders
  A worm (D:3)
  5 orcs (D:3)
  3 endoplasms (D:3)
  2 giant cockroaches
  3 goblins
  5 hobgoblins
  2 kobolds (D:3)
  5 quokkas
  3 ball pythons
  4 bats
  3 frilled lizards
  5 rats
44 creatures vanquished.

Notes
Turn   | Place    | Note
-------+----------+-------------------------------------------
     0 | D:1      | FakeRyeBread the Djinni Conjurer began the quest for the
                  | Orb.
     0 | D:1      | FakeRyeBread set off with the following spells memorised:
                  | Magic Dart, Searing Ray, Dazzling Flash, Fulminant Prism,
                  | Iskenderun's Mystic Blast.
     0 | D:1      | Reached XP level 1. HP: 15/15 MP: 0/0
    27 | D:1      | Found a faded altar of an unknown god.
   142 | D:1      | Reached XP level 2. HP: 22/22 MP: 0/0
   252 | D:1      | Reached skill level 1 in Fighting
   722 | D:2      | Reached XP level 3. HP: 24/28 MP: 0/0
   722 | D:2      | Learned a level 1 spell: Freeze
  1583 | D:3      | Reached XP level 4. HP: 31/33 MP: 0/0
  2501 | D:4      | Noticed an ogre
  2508 | D:4      | Slain by an ogre

Illustrated notes

Levels and vault maps discovered:
D:1:      nzn_arrival_crosshair, layout_basic, hellmonk_ecumenical_altar_blasted
D:2:      layout_loops_corners, minmay_tromino_v4_c
D:3:      layout_loops_corners, minmay_crystal_water, kennysheep_boxes
D:4:      layout_basic, minmay_bent

Skill      XL: |  1  2  3 |
---------------+----------+-----
Fighting       | 1 2 |  2.6
Dodging        | |  2.1
Stealth        | |  1.5
Spellcasting   | |  3.9

Action                     |  1- 3 |  4- 6 || total
---------------------------+-------+-------++-------
  Melee: Short sword       |     9 |     3 ||    12
   Cast: Magic Dart        |    56 |    22 ||    78
         Searing Ray       |       |     8 ||     8
         Dazzling Flash    |       |     1 ||     1
    Use: Scroll            |     6 |     3 ||     9
 Armour: Robe              |     3 |     3 ||     6
  Dodge: Dodged            |     6 |     5 ||    11
  Block: Other             |       |     5 ||     5
